[Event "National-chT China 2017"]
[Site "Beijing"]
[Date "2017.06.09"]
[Round "4"]
[White "Gao, Rui"]
[Black "Yu, Ruiyuan"]
[Result "*"]
[ECO "B19"]
[WhiteElo "2543"]
[BlackElo "2510"]
[Annotator "ChessBase"]
[PlyCount "57"]
[EventDate "2017.??.??"]
[EventCountry "CHN"]
[TimeControl "40/5400+30:1800+30"]

1. e4 c6 2. d4 d5 3. Nc3 dxe4 4. Nxe4 Bf5 5. Ng3 Bg6 6. h4 h6 7. Nf3 Nd7 8. h5 Bh7 9. Bd3 Bxd3 10. Qxd3 e6 11. Bf4 Qa5+ 12. Bd2 Qc7 13. O-O-O Ngf6 14. Ne4 O-O-O 15. g3 Nxe4 16. Qxe4 Nf6 17. Qe2 Bd6 18. Kb1 Rd7 19. c4 c5 20. Ne5 Bxe5 21. dxe5 Ng8 22. Bc3 Ne7 23. Rxd7 Qxd7 24. Rd1 Qc7 25. Qg4 Rd8 26. Rxd8+ Qxd8 27. Kc2 Qg8 28. Qe4 Qf8 29. Qd3 *

[Event "National-chT China 2017"]
[Site "Beijing"]
[Date "2017.06.09"]
[Round "4"]
[White "Xu, Jun"]
[Black "Bai, Jinshi"]
[Result "*"]
[ECO "D85"]
[WhiteElo "2514"]
[BlackElo "2573"]
[Annotator "ChessBase"]
[PlyCount "45"]
[EventDate "2017.??.??"]
[EventCountry "CHN"]
[TimeControl "40/5400+30:1800+30"]

1. d4 Nf6 2. c4 g6 3. Nc3 d5 4. cxd5 Nxd5 5. e4 Nxc3 6. bxc3 Bg7 7. Nf3 c5 8. Rb1 O-O 9. Be2 Nc6 10. d5 Ne5 11. Nxe5 Bxe5 12. Qd2 e6 13. f4 Bg7 14. c4 exd5 15. cxd5 Bd4 16. Bb2 Qb6 17. Bd3 c4 18. Bxc4 Re8 19. Qxd4 Qxd4 20. Bxd4 Rxe4+ 21. Kd2 Rxd4+ 22. Kc3 Rxf4 23. d6 *

[Event "National-chT China 2017"]
[Site "Beijing"]
[Date "2017.06.09"]
[Round "4"]
[White "Lin, Chen"]
[Black "Xiang, Zeyu"]
[Result "*"]
[ECO "C67"]
[WhiteElo "2455"]
[BlackElo "2402"]
[Annotator "ChessBase"]
[PlyCount "36"]
[EventDate "2017.??.??"]
[EventCountry "CHN"]
[TimeControl "40/5400+30:1800+30"]

1. e4 e5 2. Nf3 Nc6 3. Bb5 Nf6 4. O-O Nxe4 5. Re1 Nd6 6. Nxe5 Nxe5 7. Rxe5+ Be7 8. Nc3 O-O 9. Bf1 Ne8 10. Nd5 Bd6 11. Re1 c6 12. Ne3 Be7 13. c4 Bf6 14. d4 d5 15. cxd5 cxd5 16. b3 Nc7 17. Ba3 Re8 18. Rc1 Be6 *

[Event "National-chT China 2017"]
[Site "Beijing"]
[Date "2017.06.09"]
[Round "4"]
[White "Huang, Renjie"]
[Black "Huang Bangbo"]
[Result "*"]
[ECO "B47"]
[WhiteElo "2156"]
[BlackElo "1708"]
[Annotator "ChessBase"]
[PlyCount "63"]
[EventDate "2017.??.??"]
[EventCountry "CHN"]
[TimeControl "40/5400+30:1800+30"]

1. e4 c5 2. Nf3 Nc6 3. d4 cxd4 4. Nxd4 e6 5. Nc3 Qc7 6. g3 a6 7. Bg2 Nf6 8. O-O Nxd4 9. Qxd4 Bc5 10. Bf4 d6 11. Qd2 h6 12. Rad1 e5 13. Be3 Be6 14. Bxc5 dxc5 15. Nd5 Bxd5 16. exd5 Qd6 17. f4 O-O 18. fxe5 Qxe5 19. c4 Qd6 20. Qf4 Ne8 21. Qf5 Rd8 22. Be4 g6 23. Qf2 f5 24. Bc2 Nf6 25. Rde1 Rde8 26. b4 b6 27. bxc5 bxc5 28. Qd2 Ng4 29. Ba4 Re4 30. Rxe4 fxe4 31. Rxf8+ Qxf8 32. Bd7 *

[Event "National-chT China 2017"]
[Site "Beijing"]
[Date "2017.06.09"]
[Round "4"]
[White "Liu, Hongyan"]
[Black "Zhou, Guijue"]
[Result "*"]
[ECO "A47"]
[WhiteElo "2029"]
[BlackElo "2250"]
[Annotator "ChessBase"]
[PlyCount "35"]
[EventDate "2017.??.??"]
[EventCountry "CHN"]
[TimeControl "40/5400+30:1800+30"]

1. d4 Nf6 2. Bf4 e6 3. e3 b6 4. h3 Bb7 5. Nf3 c5 6. c3 cxd4 7. exd4 Be7 8. Bd3 O-O 9. Qe2 d6 10. O-O Re8 11. Nbd2 Nbd7 12. Bh2 Qc7 13. Rfe1 Nf8 14. a4 a6 15. Ng5 Qc6 16. Nge4 Nxe4 17. Bxe4 Qd7 18. Bd3 *

[Event "National-chT China 2017"]
[Site "Beijing"]
[Date "2017.06.10"]
[Round "5"]
[White "Huang, Mofei"]
[Black "Zhang, Xiao"]
[Result "1-0"]
[ECO "D07"]
[WhiteElo "1885"]
[BlackElo "1913"]
[Annotator "NA RC"]
[PlyCount "105"]
[EventDate "2017.??.??"]
[EventCountry "CHN"]
[SourceTitle "playchess.com"]
[Source "ChessBase"]
[SourceQuality "1"]
[TimeControl "40/5400+30:1800+30"]

1. d4 d5 2. c4 dxc4 3. Nc3 Nc6 4. e3 Na5 {[#] D07: Queen's Gambit: Chigorin Defence} (4... Nf6 $14) (4... e5 5. Bxc4 exd4 6. exd4 Qxd4 7. Qe2+ Qe5 8. Be3 Bb4 9. Nf3 Qe7 10. O-O Nf6 11. Rfe1 O-O 12. Qc2 Bg4 13. Ng5 Qd7 14. Red1 {1-0 (51) Graf,A (2581)-Mann,C (2416) Germany 2017}) 5. Nf3 ({White must play} 5. Qa4+ $1 $18 c6 6. b4) 5... Nf6 (5... c5 $14) 6. Bxc4 Nxc4 7. Qa4+ c6 8. Qxc4 Bf5 9. O-O $146 ({Predecessor:} 9. Ne5 e6 10. f3 Be7 11. e4 Bg6 12. Be3 Nd7 13. Nxg6 hxg6 {½-½ (34) Markus,R (2185)-Bystrov,S (2255) Budapest 1997}) 9... e6 10. Re1 Be7 11. e4 Bg6 12. Ne5 Rc8 13. Nxg6 hxg6 14. Bf4 Nh5 (14... b5 $5 15. Qd3 b4 $11) 15. Be3 O-O 16. e5 Bg5 17. Qe2 f5 18. exf6 Bxe3 19. Qxe3 Rxf6 20. Ne4 Rf8 21. Nc5 Re8 22. Nxb7 Qd5 23. Qe4 Qxe4 24. Rxe4 Rb8 25. Nd6 Red8 26. Nc4 Nf6 27. Rxe6 Rxd4 28. Rxc6 Rbd8 29. h3 g5 30. Re1 g4 $18 31. hxg4 Rxg4 32. b3 Rf8 33. f3 Rg5 34. Re5 Rg6 35. Ra6 Rf7 36. Rd6 Kh7 37. Rd8 Rh6 38. Nd6 Rc7 39. Nc4 Rf7 40. Rd2 Rg6 41. Rde2 Rf8 42. Re7 Nd5 43. Rxa7 Nf4 44. Rd2 Re8 45. Kf1 Rh6 46. Kf2 Ree6 47. Ne3 Rh5 48. Ng4 Rh1 49. Ra4 g5 50. Re4 Ra6 51. Re1 Rh5 52. g3 Nh3+ 53. Kg2 1-0

[Event "National-chT China 2017"]
[Site "Beijing"]
[Date "2017.06.10"]
[Round "5"]
[White "Huang Bangbo"]
[Black "Shen, Chenyi"]
[Result "1/2-1/2"]
[ECO "B22"]
[WhiteElo "1708"]
[BlackElo "2039"]
[Annotator "NA RC"]
[PlyCount "58"]
[EventDate "2017.??.??"]
[EventCountry "CHN"]
[SourceTitle "playchess.com"]
[Source "ChessBase"]
[SourceQuality "1"]
[TimeControl "40/5400+30:1800+30"]

1. e4 c5 2. c3 d5 3. exd5 Qxd5 4. d4 Nf6 5. Nf3 Bg4 6. Be2 e6 7. h3 Bh5 8. Be3 cxd4 9. cxd4 Nc6 10. Nc3 Qd6 11. O-O Be7 12. a3 O-O 13. Qb3 Rfd8 (13... Bxf3 $5 14. Bxf3 Nxd4 15. Bxd4 Qxd4 $11) 14. Rfd1 Rac8 (14... Na5 $5 15. Qa4 Nc6 $11) 15. Rac1 Qb8 {B22: Sicilian: 2 c3} 16. d5 exd5 17. Nxd5 Nxd5 18. Rxd5 Rxd5 (18... Bg6 19. Rcd1 Rxd5 20. Rxd5 Rd8 21. Rxd8+ Bxd8 22. Nd4 Nxd4 23. Bxd4 b6 24. Qc3 f6 25. Bc4+ {½-½ (25) Ringoir,T (2406)-Michiels,B (2451) Belgium 2009}) 19. Qxd5 Bg6 {LiveBook: 5 Games} 20. Ne5 Nxe5 21. Rxc8+ Qxc8 22. Qxe5 Bf6 23. Qd6 $146 ({Predecessor:} 23. Bg4 Bxe5 24. Bxc8 Bxb2 25. Bxb7 Bxa3 26. Bxa7 {½-½ (31) Bengtsson,J (1943)-Ivekovic,T (2122) Pune 2014}) 23... Bxb2 24. Bxa7 Qc1+ 25. Kh2 Bxa3 26. Qb8+ Bf8 27. Qxb7 Qf4+ 28. Kg1 Qc1+ 29. Kh2 Qf4+ $11 1/2-1/2

[Event "National-chT China 2017"]
[Site "Beijing"]
[Date "2017.06.11"]
[Round "6"]
[White "Zhang, Xiao"]
[Black "Liu, Hongyan"]
[Result "1-0"]
[ECO "D46"]
[WhiteElo "1913"]
[BlackElo "2029"]
[Annotator "NA RC"]
[PlyCount "89"]
[EventDate "2017.??.??"]
[EventCountry "CHN"]
[SourceTitle "playchess.com"]
[Source "ChessBase"]
[SourceQuality "1"]
[TimeControl "40/5400+30:1800+30"]

1. d4 d5 2. c4 c6 3. Nf3 Nf6 4. e3 e6 5. Nc3 Nbd7 6. Qc2 Bd6 7. Bd3 dxc4 8. Bxc4 b5 9. Be2 Bb7 10. O-O O-O 11. Rd1 Qc7 12. e4 e5 {D46: Semi-Slav: 5 e3 Nbd7 6 Bd3, Black avoids the Meran} 13. Bg5 (13. g3 Rfe8 14. dxe5 Nxe5 15. Bg5 Neg4 16. Rac1 Bc5 17. Bxf6 Bxf2+ 18. Kh1 gxf6 19. Nxb5 Qe7 20. Nd6 {½-½ (45) Dragun,K (2572)-Shirov,A (2702) Riga 2015}) 13... exd4 14. Rxd4 Bc5 {LiveBook: 3 Games} 15. Rd2 Rfe8 {[#]} 16. Bd3 $146 (16. Rad1 $16) ({Predecessor:} 16. Bxf6 Nxf6 17. e5 Ng4 18. Ne4 Be7 19. Nd6 Red8 20. Rad1 Bxd6 21. exd6 {1-0 (39) Arizmendi Martinez,J (2551)-Salgado Lopez,I (2597) El Sauzal 2010}) 16... Ng4 17. Bh4 Nde5 18. Nxe5 Nxe5 19. Bg3 Qe7 20. Bf1 Bb6 21. h3 Qg5 22. Kh2 Bc8 23. Be2 ({Much weaker is} 23. f4 {[#]} Ng4+ $1 24. Kh1 Qh6 $15) 23... Ng6 24. Rad1 Be6 25. Qc1 Qf6 26. e5 Nxe5 27. Ne4 $14 Qe7 28. Bxe5 Bd5 29. Rxd5 cxd5 30. Rxd5 Rad8 31. Rxb5 Rc8 32. Nc3 f6 33. Bg3 Rxc3 34. Qxc3 Qxe2 35. Rf5 Rd8 36. Qb3+ Kh8 37. Qf7 Qxb2 38. Be5 Qc2 39. Rxf6 Rg8 40. Re6 Qc8 41. Re7 Qf8 42. Qxf8 Rxf8 43. Rxg7 h6 44. Rxa7+ Kg8 45. Rg7+ 1-0

[Event "National-chT China 2017"]
[Site "Beijing"]
[Date "2017.06.14"]
[Round "9"]
[White "Zhang, Xiao"]
[Black "Wen, Yili"]
[Result "1/2-1/2"]
[ECO "E15"]
[WhiteElo "1913"]
[BlackElo "1809"]
[Annotator "NA RC"]
[PlyCount "115"]
[EventDate "2017.??.??"]
[EventCountry "CHN"]
[SourceTitle "playchess.com"]
[Source "ChessBase"]
[SourceQuality "1"]
[TimeControl "40/5400+30:1800+30"]

1. d4 Nf6 2. c4 e6 3. Nf3 b6 4. g3 Ba6 5. Qa4 c5 6. Bg2 Bb7 7. O-O cxd4 8. Nxd4 Bxg2 9. Kxg2 Be7 10. Nc3 Qc8 11. e4 Qb7 12. f3 O-O 13. Bg5 d6 14. Rad1 a6 15. Rfe1 Rc8 16. Nc2 Nbd7 17. Ne3 h6 18. Bxf6 Nxf6 19. Qc2 b5 20. Qb3 Rab8 21. cxb5 axb5 22. Rd4 b4 23. Nb1 Rc6 24. Red1 Qa7 25. R1d3 Ra6 26. Rxb4 Rxb4 27. Qxb4 d5 28. Qc3 dxe4 29. fxe4 Rxa2 30. Nd2 Qb7 31. Qb3 Qa8 32. Kf3 Ra4 33. Nec4 Qc6 34. Qb8+ Kh7 35. b3 Rb4 36. Qa7 Rb7 37. Qe3 Bc5 38. Qe2 Ra7 39. Ne5 Qb7 40. Ndc4 Ra2 41. Nd2 Bb4 42. Nec4 Qb5 43. Kg2 Qb7 44. Kh3 h5 45. Rd8 g6 46. Qd3 Ng4 47. Qd4 e5 48. Qd7 Qxd7 49. Rxd7 Kg7 50. Nf3 Bc3 51. Nd6 Nh6 52. Rc7 Bd4 53. Nb5 Ng4 54. Nd6 Nh6 55. Ne8+ Kf8 56. Nd6 Kg7 57. Nc4 Ng4 58. Nd6 1/2-1/2